 Dungeon Crawl Stone Soup version 0.17.1-1-g73c8601 (webtiles) character file.

90 MirrMurr the Sneak (level 4, 0/21 HPs)
             Began as a Spriggan Enchanter on Jan 3, 2016.
             Slain by an orc
             ... wielding a +0 flail
              (11 damage)
             ... on level 3 of the Dungeon.
             The game lasted 00:04:02 (1863 turns).

MirrMurr the Sneak (Spriggan Enchanter)             Turns: 1863, Time: 00:04:02

Health: 0/21       AC:  3    Str:  4    XL:     4   Next: 32%
Magic:  4/10       EV: 18    Int: 17    God:
Gold:   105        SH:  0    Dex: 16    Spells: 3 memorised, 3 levels left

rFire  . . .     SeeInvis +     a - +1 dagger
rCold  . . .     Clarity  .     b - +1 robe
rNeg   . . .     SustAt   .     (shield restricted)
rPois  .         Gourm    .     (helmet restricted)
rElec  .         Spirit   .     (no cloak)
rCorr  .         Warding  .     (gloves unavailable)
rMut   .         Stasis   .     (boots unavailable)
MR     .....                    (no amulet)
Stlth  ++++......               (no ring)
                                (no ring)

@: very quick, not resistant to hostile enchantments, stealthy
A: unfitting armour, see invisible, herbivore 3, speed 3, slow metabolism 2
a: no special abilities


You were on level 3 of the Dungeon.
You were not hungry.

You visited 1 branch of the dungeon, and saw 3 of its levels.

You collected 105 gold pieces.

Inventory:

Hand Weapons
 a - a +1 dagger (weapon)
Missiles
 f - 73 stones (quivered)
Armour
 b - a +1 robe (worn)
Jewellery
 j - a +3 ring of strength {unknown}
Scrolls
 e - a scroll of amnesia
 i - a scroll of identify
 r - 2 scrolls of remove curse
Potions
 g - a potion of curing
 h - a potion of heal wounds
 k - a potion of ambrosia {unknown}
 l - a potion of agility {unknown}
Books
 c - a book of Maledictions

   Spells                             Type                      Level
   a - Corona                         Hexes                        1
   b - Ensorcelled Hibernation        Hexes/Ice                    2
   c - Confuse                        Hexes                        3
   d - Tukima's Dance                 Hexes                        3
   e - Dazzling Spray                 Conjuration/Hexes            3
Comestibles
 d - 3 bread rations


   Skills:
 - Level 1.1 Short Blades
 - Level 3.0 Dodging
 * Level 7.5 Stealth
 + Level 3.4 Spellcasting
 - Level 3.6 Hexes


You had 3 spell levels left.
You knew the following spells:

 Your Spells              Type           Power        Failure   Level  Hunger
a - Ensorcelled Hibernat  Hex/Ice        #.....       14%         2    ##.....
b - Confuse               Hex            ###.....     14%         3    ###....
c - Corona                Hex            ###....      4%          1    None


Dungeon Overview and Level Annotations

Branches:
Dungeon (3/15)

Altars:
Dithmenos
Makhleb


Innate Abilities, Weirdness & Mutations

You are tiny and cannot use many weapons and most armour.
You have supernaturally acute eyesight.
You are a herbivore.
You cover ground extremely quickly.
You need consume almost no food.


Message History

You kill the orc!
Casting: Ensorcelled Hibernation
Confirm with . or Enter, or press ? or * to list all spells.
Aiming: Ensorcelled Hibernation
Press: ? - help, Shift-Dir - straight line, f - jackal
Aim: a jackal (chance to defeat MR: 79%)
The jackal looks drowsy...
The helpless jackal fails to defend itself.
You impale the jackal!!
You kill the jackal!
You hit the orc.
The orc is moderately wounded.
The orc hits you with a flail.
You hit the orc.
The orc is heavily wounded.
You hit the orc.
The orc is almost dead.
The orc hits you with a flail!
Ouch! That really hurt!
You die...

###....##
#.......####
######...........
.............###
#####.##....##
##.##.<..#
..........#
###.####.## # #@#
#o# #o#
###o####.#
...hoh..[#
###o####.# #.#
#.. ####


You could see 2 orcs.

Vanquished Creatures
  3 adders (D:2)
  2 oozes
  A worm (D:2)
  2 orcs
  6 bats
  8 goblins
  7 hobgoblins
  8 jackals
  3 giant cockroaches
  A giant gecko (D:2)
  2 giant newts
  2 kobolds
  A rat (D:1)
46 creatures vanquished.

Notes
Turn   | Place    | Note
--------------------------------------------------------------
     0 | D:1      | MirrMurr the Spriggan Enchanter began the quest for the Orb.
     0 | D:1      | Reached XP level 1. HP: 9/9 MP: 5/5
   136 | D:1      | Reached skill level 5 in Stealth
   216 | D:1      | Reached XP level 2. HP: 13/13 MP: 6/6
   228 | D:1      | Learned a level 2 spell: Ensorcelled Hibernation
   759 | D:2      | Found a burning altar of Makhleb.
   787 | D:2      | Reached skill level 6 in Stealth
   914 | D:2      | Found a shadowy altar of Dithmenos.
   941 | D:2      | Reached XP level 3. HP: 16/16 MP: 8/8
   954 | D:2      | Learned a level 3 spell: Confuse
  1060 | D:2      | Reached skill level 7 in Stealth
  1636 | D:2      | Reached XP level 4. HP: 21/21 MP: 9/9
  1863 | D:3      | Slain by an orc

Action                   |  1- 3 |  4- 6 || total
-------------------------+-------+-------++-------
Melee: Dagger            |    75 |    61 ||   136
 Cast: Ensorcelled Hiber |     4 |     4 ||     8
       Confuse           |     1 |       ||     1
  Use: Scroll            |     6 |     1 ||     7
 Stab: Sleeping          |    18 |     4 ||    22
       Distracted        |     2 |       ||     2
       Confused          |     1 |       ||     1
